 Dungeon Crawl Stone Soup version 0.28-a0-649-g2b6bb2fd11 (webtiles) character file.

Game seed: 7017787714770784711

0 Gargoyl the Skirmisher (level 1, -10/23 HPs)
             Began as a Gnoll Abyssal Knight on Oct 11, 2021.
             Was a Follower of Lugonu.
             Killed from afar by a will-o-the-wisp (23 damage)
             ... with a foxfire
             ... on level 2 of the Abyss.
             The game lasted 00:00:29 (206 turns).

Gargoyl the Skirmisher (Gnoll Abyssal Knight)        Turns: 206, Time: 00:00:30

Health: -10/23     AC:  3    Str: 12    XL:     1   Next: 0%
Magic:  3/3        EV: 12    Int:  9    God:    Lugonu [*.....]
Gold:   13         SH:  0    Dex: 12    Spells: 0/0 levels left

rFire   . . .      SeeInvis .   a - +1 hand axe
rCold   . . .      Faith    .   (no shield)
rNeg    . . .      Spirit   .   b - +0 leather armour
rPois   .          Reflect  .   (no helmet)
rElec   .          Harm     .   (no cloak)
rCorr   .          Rampage  .   (no gloves)
Will    .....                   (no boots)
Stlth   +.........              (no amulet)
HPRegen 0.07/turn               (no ring)
MPRegen 0.08/turn               (no ring)

@: no status effects
A: fangs 1, strong nose, distributed training
a: Renounce Religion, Depart the Abyss


You were on level 2 of the Abyss.
You worshipped Lugonu.
Lugonu was aware of your devotion.
You visited 0 branches of the dungeon, and saw 0 of its levels.
You visited the Abyss 1 time.

You collected 13 gold pieces.

Inventory:

Hand Weapons
 a - a +1 hand axe (weapon)
Armour
 b - a +0 leather armour (worn)
Wands
 c - a wand of flame (25)


   Skills:
 + Level 6.4 Fighting
 + Level 0.0 Short Blades
 + Level 0.0 Long Blades
 + Level 4.4 Axes
 + Level 0.0 Maces & Flails
 + Level 0.0 Polearms
 + Level 0.0 Staves
 + Level 0.0 Slings
 + Level 0.0 Bows
 + Level 0.0 Crossbows
 + Level 0.0 Throwing
 + Level 4.4 Armour
 + Level 2.3 Dodging
 + Level 0.0 Stealth
 + Level 0.0 Shields
 + Level 0.0 Unarmed Combat
 + Level 0.0 Spellcasting
 + Level 0.0 Conjurations
 + Level 0.0 Hexes
 + Level 0.0 Summonings
 + Level 0.0 Necromancy
 + Level 0.0 Translocations
 + Level 0.0 Transmutations
 + Level 0.0 Fire Magic
 + Level 0.0 Ice Magic
 + Level 0.0 Air Magic
 + Level 0.0 Earth Magic
 + Level 0.0 Poison Magic
 + Level 4.4 Invocations
 + Level 0.0 Evocations


You couldn't memorise any spells.
You didn't know any spells.
Your spell library was empty.

Dungeon Overview and Level Annotations

Branches:
Dungeon (0/15)

Altars:


Innate Abilities, Weirdness & Mutations

You have very sharp teeth.
Your uncanny sense of smell can sniff out nearby items.
Your experience applies equally to all skills.


Message History

c - a scroll labelled OFIRON INIDEO Unknown command.
As you read the scroll labelled OFIRON INIDEO, it crumbles to dust.
You feel strangely unstable.
You feel the power of the Abyss delaying your translocation!
It was a scroll of teleportation.
You now have 13 gold pieces.
You are suddenly pulled into a different region of the Abyss!
You are suddenly pulled into a different region of the Abyss!
Found a robe.
You see here a +0 robe.
Found a gateway leading deeper into the Abyss.
Found 27 stones.
There is a gateway leading deeper into the Abyss here.
You plunge deeper into the Abyss.
Found 19 sling bullets.
Found 34 stones.
Found a great sword.
Found a gateway leading out of the Abyss.
c - a scroll labelled FAGRON HEUNIJE
As you read the scroll labelled FAGRON HEUNIJE, it crumbles to dust.
It is a scroll of identify.
You don't have any unidentified items.
c - a wand of flame (26)
Found 21 arrows.
A lurking horror comes into view.
A will-o-the-wisp comes into view.
The will-o-the-wisp gives a chilling moan.
The will-o-the-wisp gestures.
The will-o-the-wisp conjures some foxfire!
Your body is wracked with pain! 2 foxfires come into view.
Unknown command.
Aiming: Throw Flame
Press: ? - help, Shift-Dir - straight line, f - will-o-the-wisp
Aim: a will-o-the-wisp (68% to hit)
The puff of flame hits the will-o-the-wisp.
The will-o-the-wisp completely resists.
The foxfire hits you!!
Ouch! That really hurt!
You die...

.. #.# .# ## #.
##.#.####.##
###.... #.##..
.##..###.#.##
##.##..#.#...# .
#.§#..#..#..#.
....#§#v.###.###(.
#.#..§v@#.###.# #
#.....v###.# .# ##
..#..#. . ## ....
.. # #.# ... .
.##. ## .. .#


You could see a will-o-the-wisp.

Vanquished Creatures (others)
  A lurking horror (Abyss:2)
1 creature vanquished.

Notes
Turn   | Place    | Note
-------+----------+-------------------------------------------
     0 | Abyss:1  | Gargoyl the Gnoll Abyssal Knight began the quest for the
                  | Orb.
     0 | Abyss:1  | Reached XP level 1. HP: 23/23 MP: 3/3
     0 | Abyss:1  | Found a shimmering blue altar of Sif Muna.
   203 | Abyss:2  | Noticed a will-o-the-wisp
   206 | Abyss:2  | Killed from afar by a will-o-the-wisp

Illustrated notes

Levels and vault maps discovered:
Abyss:2:  base:
Temple

Action                   || total
-------------------------++-------
Evoke: Wand              ||     1
  Use: Scroll            ||     2

Table legend: (Time is in decaauts)
 A = Elapsed time spent in this place.
 B = Non-inter-level travel time spent in this place.
 C = Inter-level travel time spent in this place.
 D = Time resting spent in this place.
 E = Time spent auto-exploring this place.
 F = Levels seen in this place.
 G = Mean time per level.
                   A        B        C        D        E       F      G
               +--------+--------+--------+--------+--------+-----+--------+
         Total |    205 |    205 |      0 |      0 |    167 |   2 |  102.5 |
         Abyss |    205 |    205 |      0 |      0 |    167 |   2 |  102.5 |
               +--------+--------+--------+--------+--------+-----+--------+

Top non-repeatable levels by time:
 Abyss:1: 127 daAuts
 Abyss:2: 78 daAuts
